Map: Hecate LE

Players

Dragonsouled - Winner!

  • Race: Protoss Protoss
  • League: Diamond
  • Spawn Location: 1:00

SubN

  • Race: Zerg Zerg
  • League: Diamond
  • Spawn Location: 7:00

VOD

Have the link to the VOD?

Description

Time

  • Played on: Jan. 20, 2024, 6:19 p.m.
  • Length: 21:03
Show
View Real Time Build Order
Export as new Build Order

Dragonsouled Protoss - Winner!

Build Orders: 1 Gate Expand, Oracle Opening 

Get SALT Encoding   

  12  0:00  Probe  
  13  0:12  Probe  
  14  0:17  Pylon  
  14  0:25  Probe  
  15  0:35  Gateway  
  15  0:37  Probe (Chrono Boost)  
  16  0:47  Probe (Chrono Boost)  
  17  0:50  Assimilator  
  17  0:55  Probe  
  18  1:07  Probe  
  19  1:19  Probe  
  19  1:23  Nexus  
  20  1:35  Cybernetics Core  
  20  1:37  Probe  
  21  1:44  Assimilator  
  21  1:49  Pylon  
  21  1:57  Probe  
  22  2:09  Probe  
  22  2:10  Adept (Chrono Boost)  
  22  2:11  Pylon  
  25  2:16  Warp Gate  
  25  2:21  Probe  
  26  2:30  Adept (Chrono Boost)  
  26  2:33  Probe  
  29  2:38  Stargate  
  29  2:40  Probe  
  30  2:45  Probe  
  31  3:04  Probe x2  
  33  3:15  Adept  
  33  3:19  Pylon  
  35  3:30  Pylon  
  35  3:34  Probe x2  
  35  3:35  Oracle (Chrono Boost)  
  40  3:46  Probe x2, Assimilator  
  42  3:53  Gateway  
  42  3:58  Probe x2  
  44  4:05  Oracle  
  45  4:10  Probe  
  44  4:39  Probe x2  
  44  4:44  Adept  
  44  4:45  Assimilator  
  48  4:47  Nexus  
  48  4:50  Pylon x2  
  48  4:51  Probe x2  
  48  4:52  Gateway  
  48  4:53  Gateway x2  
  48  5:13  Adept x2  
  51  5:22  Nexus  
  51  5:23  Probe x2  
  53  5:31  Forge  
  53  5:33  Gateway  
  53  5:35  Pylon, Zealot  
  53  5:37  Probe x2  
  57  5:49  Pylon, Probe x2  
  59  5:56  Adept  
  61  6:01  Probe x2  
  61  6:04  Protoss Ground Weapons Level 1  
  63  6:05  Twilight Council  
  63  6:13  Probe  
  63  6:16  Probe  
  62  6:26  Probe (Chrono Boost)  
  62  6:29  Probe (Chrono Boost)  
  64  6:34  Nexus  
  64  6:36  Pylon, Probe (Chrono Boost)  
  64  6:37  Pylon  
  64  6:39  Probe (Chrono Boost)  
  66  6:41  Probe (Chrono Boost)  
  66  6:42  Stalker x2  
  66  6:45  Probe (Chrono Boost)  
  66  6:47  Probe (Chrono Boost)  
  73  6:49  Templar Archives  
  73  7:00  Adept x2  
  76  7:03  Probe x2  
  76  7:05  Assimilator  
  78  7:08  Oracle  
  78  7:09  Assimilator  
  81  7:21  Forge  
  81  7:26  Pylon x2  
  81  7:35  Nexus  
  81  7:36  Pylon  
  81  7:38  Pylon  
  81  7:40  Probe  
  81  7:41  Probe x2  
  84  7:55  Photon Cannon  
  84  7:56  Shield Battery  
  84  8:03  Photon Cannon  
  84  8:04  Probe x3  
  84  8:05  Protoss Ground Armor Level 1  
  87  8:09  Protoss Ground Weapons Level 2  
  87  8:13  High Templar x4  
  87  8:14  High Templar x2  
  87  8:16  Probe x2  
  87  8:17  Archon x2  
  87  8:18  Archon  
  101  8:28  Probe  
  101  8:29  Probe x2  
  104  8:41  Probe x2  
  106  8:47  Stalker x6  
  110  9:12  Zealot  
  112  9:22  Stalker x5  
  112  9:24  Probe x4  
  124  9:26  Assimilator  
  124  9:28  Oracle, Assimilator  
  129  9:36  Probe  
  129  9:38  Charge  
  130  9:39  Zealot  
  132  9:46  Nexus  
  132  9:48  Pylon  
  132  9:50  Pylon, High Templar x3  
  132  9:51  High Templar  
  140  9:53  Assimilator, Archon  
  140  9:55  Archon, Assimilator  
  140  10:08  Probe  
  140  10:09  Probe x3  
  143  10:16  Zealot x2  
  138  10:40  Protoss Ground Weapons Level 3  
  138  10:42  Protoss Ground Armor Level 2  
  132  10:47  Stalker x5  
  132  10:48  Stalker  
  139  11:06  Pylon  
  139  11:07  Pylon  
  139  11:10  Zealot  
  139  11:37  Blink (Chrono Boost)  
  139  11:44  High Templar x4  
  139  11:45  High Templar x2  
  151  11:48  Archon x2  
  151  11:53  Archon  
  151  11:59  Probe x4  
  155  12:12  Psionic Storm  
  155  12:14  Stargate  
  155  12:15  Nexus  
  155  12:16  Stargate  
  155  12:17  Pylon  
  155  12:18  Fleet Beacon, Pylon  
  155  12:20  Pylon  
  155  12:27  Gateway  
  155  12:29  Gateway  
  155  12:31  Gateway, High Templar  
  155  12:32  High Templar x2  
  161  12:39  Probe x4  
  165  12:46  Assimilator  
  165  12:48  Assimilator  
  165  12:51  Probe x2  
  167  13:07  Probe x3  
  170  13:18  Zealot  
  170  13:19  Zealot x5  
  182  13:25  Stalker x2  
  180  13:39  Probe x3  
  180  13:40  Probe  
  178  13:49  High Templar  
  178  13:50  High Templar x2  
  181  13:57  Archon  
  181  14:00  Shield Battery  
  181  14:02  Shield Battery  
  128  14:30  Stalker x2  
  122  14:44  Void Ray x2 (Chrono Boost)  
  130  14:46  Pylon  
  130  14:55  Pylon  
  130  14:59  Pylon  
  102  15:10  Stalker x2  
  102  15:11  Stalker x3  
  108  15:20  Probe x3, Void Ray (Chrono Boost)  
  108  15:21  Void Ray (Chrono Boost)  
  123  15:24  Probe  
  123  15:25  Void Ray (Chrono Boost), High Templar x2  
  128  15:29  Archon  
  128  15:49  Nexus  
  128  15:52  Pylon  
  128  15:54  Pylon, High Templar x3, Photon Cannon  
  128  15:55  Pylon, Photon Cannon, High Templar  
  128  15:56  Void Ray (Chrono Boost)  
  128  15:57  Shield Battery, Photon Cannon x2  
  140  15:58  Archon x2, Assimilator  
  140  16:01  High Templar x2  
  140  16:03  Assimilator  
  148  16:05  Archon, Void Ray (Chrono Boost)  
  148  16:12  Protoss Ground Armor Level 3  
  147  16:22  Stalker  
  147  16:23  Stalker x2  
  157  16:34  Void Ray (Chrono Boost)  
  157  16:48  Nexus  
  157  16:51  Pylon  
  157  16:53  Pylon  
  157  16:54  Pylon  
  157  16:57  Assimilator  
  157  17:02  Assimilator  
  157  17:03  High Templar x4  
  157  17:04  Zealot x2  
  157  17:05  Zealot x3  
  157  17:08  Archon x2  
  169  17:37  Stalker x3  
  169  17:38  Stalker x6  
  183  17:48  Probe x2  
  183  17:49  Probe  
  185  18:15  Zealot x7  
  185  18:17  Nexus  
  185  18:19  Pylon  
  199  18:21  Pylon  
  199  18:22  Pylon  
  199  18:25  Assimilator  
  199  18:30  Assimilator  
  199  18:31  Robotics Facility  
  145  19:02  Stalker x4  
  147  19:03  Stalker x5  
  147  19:07  Void Ray x3  
  134  19:23  Probe x5  
  128  19:29  Probe  
  129  19:35  Probe x5  
  124  19:41  Probe  
  119  19:51  High Templar x4  
  119  19:52  High Templar x2  
  123  19:53  High Templar x2  
  123  19:55  Archon x2  
  123  19:56  Archon, Zealot  
  123  19:59  Probe x3  
  132  20:05  Assimilator  
  124  20:13  Archon  
  94  20:37  Probe x3  
  94  20:40  Zealot x3  
  94  20:41  Zealot x6  
  115  20:59  Shield Battery  
  115  21:00  Shield Battery  
  115  21:01  Shield Battery  
  115  21:02  Photon Cannon  
Show
View Real Time Build Order
Export as new Build Order

SubN Zerg 

Build Orders: Hatch First 

Get SALT Encoding   

  12  0:00  Drone  
  13  0:12  Overlord  
  13  0:16  Drone  
  14  0:31  Drone x2  
  16  0:51  Hatchery  
  16  0:54  Drone  
  16  0:56  Drone  
  17  1:00  Drone  
  18  1:20  Extractor  
  18  1:22  Spawning Pool  
  18  1:23  Drone  
  18  1:24  Drone  
  18  1:28  Drone  
  19  1:38  Drone  
  20  1:51  Overlord  
  20  2:08  Queen  
  20  2:09  Queen  
  20  2:10  Zergling x4  
  20  2:13  Zergling x2  
  27  2:18  Zergling x2  
  28  2:23  Metabolic Boost  
  28  2:28  Zergling x4  
  30  2:35  Drone  
  30  2:36  Drone  
  32  2:44  Queen  
  34  2:56  Hatchery  
  28  3:38  Pneumatized Carapace  
  28  3:40  Drone  
  29  3:41  Drone x6  
  29  3:42  Drone  
  29  3:48  Overlord  
  35  3:54  Drone, Spine Crawler  
  34  4:26  Zergling x12  
  34  4:27  Zergling x2  
  41  4:33  Spore Crawler  
  41  4:34  Queen  
  42  4:41  Queen  
  42  4:43  Drone x2, Extractor  
  45  4:55  Drone x5  
  50  5:00  Overlord x6  
  47  5:16  Drone x3  
  47  5:18  Spore Crawler  
  47  5:28  Drone x3  
  50  5:29  Drone x2  
  50  5:30  Drone x5  
  57  5:39  Roach Warren  
  57  5:41  Queen  
  58  5:46  Drone  
  58  5:47  Drone x2  
  58  5:48  Drone  
  62  5:55  Lair  
  62  6:03  Drone x2  
  62  6:04  Drone x5  
  69  6:09  Extractor x2  
  64  6:17  Zergling x2  
  64  6:18  Zergling x12  
  71  6:24  Queen  
  73  6:26  Drone x2  
  73  6:28  Queen  
  73  6:30  Overlord  
  77  6:40  Drone x2  
  77  6:45  Drone x3  
  77  6:46  Drone, Evolution Chamber  
  77  6:47  Evolution Chamber  
  81  6:48  Drone x4  
  81  6:52  Extractor  
  84  7:04  Queen  
  84  7:07  Drone  
  87  7:10  Spire  
  87  7:12  Zerg Missile Weapons Level 1  
  87  7:13  Zerg Melee Weapons Level 1, Glial Reconstitution  
  87  7:15  Overlord x3  
  86  7:21  Overseer  
  86  7:27  Infestation Pit  
  86  7:29  Spore Crawler  
  84  7:32  Roach  
  84  7:33  Roach x8  
  102  7:45  Drone  
  102  7:46  Drone x5  
  102  7:51  Extractor  
  107  7:54  Drone  
  108  8:02  Queen  
  108  8:03  Queen  
  112  8:08  Roach x9  
  130  8:25  Hatchery  
  127  8:32  Zerg Flyer Weapons Level 1  
  127  8:37  Drone  
  127  8:39  Zergling x2, Baneling Nest  
  127  8:40  Zergling x2  
  129  8:41  Overlord  
  129  8:42  Overlord x7  
  110  9:05  Overlord x2  
  110  9:06  Overlord  
  110  9:08  Roach  
  110  9:09  Roach x7  
  124  9:15  Ravager x4  
  124  9:16  Ravager  
  129  9:23  Zergling x8  
  127  9:26  Centrifugal Hooks, Zerg Missile Weapons Level 2  
  127  9:27  Zerg Melee Weapons Level 2  
  127  9:32  Hive  
  127  9:37  Drone x11  
  138  9:40  Queen  
  140  9:46  Zergling x6  
  140  9:47  Zergling x2  
  144  10:02  Mutalisk x3  
  144  10:03  Mutalisk x4  
  158  10:30  Mutalisk x6  
  167  10:38  Drone x3  
  167  10:41  Zerg Flyer Weapons Level 2  
  166  11:02  Extractor  
  166  11:03  Extractor  
  164  11:04  Viper  
  164  11:05  Viper  
  164  11:07  Overlord x3  
  164  11:08  Zergling x2  
  164  11:09  Zergling x22  
  182  11:16  Drone  
  176  11:23  Viper  
  171  11:26  Zergling x6  
  171  11:32  Baneling x5  
  171  11:33  Baneling x6  
  171  11:36  Overseer  
  171  11:38  Overseer  
  159  11:52  Ultralisk Cavern  
  158  11:56  Overlord x2  
  158  12:04  Zerg Melee Weapons Level 3  
  158  12:05  Zerg Ground Armor Level 1  
  158  12:18  Adrenal Glands  
  158  12:23  Drone x3  
  158  12:26  Drone x3  
  158  12:27  Drone x3  
  167  12:36  Hatchery  
  166  12:43  Anabolic Synthesis  
  166  12:48  Ultralisk  
  166  12:49  Ultralisk  
  178  13:03  Ultralisk  
  178  13:04  Ultralisk  
  190  13:09  Extractor x2  
  184  13:16  Ultralisk  
  189  13:25  Chitinous Plating  
  179  13:43  Ultralisk x3  
  181  13:51  Ultralisk  
  187  14:08  Zergling x2  
  187  14:09  Zergling x30  
  136  14:33  Ultralisk x4  
  136  14:35  Zergling x6  
  136  14:36  Zergling x8  
  159  14:41  Queen  
  159  14:45  Zerg Missile Weapons Level 3  
  153  14:53  Zergling x2  
  153  14:54  Zergling x4  
  141  15:09  Drone x9  
  150  15:17  Queen  
  152  15:23  Greater Spire  
  152  15:29  Ultralisk x2, Hatchery  
  152  15:32  Ultralisk  
  169  15:37  Extractor  
  169  15:40  Extractor  
  167  15:48  Queen  
  167  15:49  Queen x2  
  173  15:57  Viper x2  
  179  16:21  Corruptor x5  
  179  16:22  Corruptor  
  179  16:24  Queen  
  193  16:28  Overlord  
  193  16:29  Overlord  
  193  16:31  Overlord x2  
  193  16:43  Drone x3  
  193  16:44  Drone x4  
  200  16:49  Zerg Ground Armor Level 2  
  200  17:18  Corruptor  
  171  17:58  Drone x2  
  171  17:59  Drone x3  
  171  18:00  Drone  
  171  18:05  Brood Lord x5  
  187  18:07  Corruptor x5  
  197  18:13  Queen  
  197  18:17  Drone  
  146  19:01  Corruptor  
  146  19:02  Corruptor x8  
  110  19:26  Ultralisk x4  
  134  19:35  Hatchery  
  115  19:46  Zergling x16  
  115  19:51  Ultralisk x2  
  119  20:21  Corruptor x5  
  113  21:02  Hydralisk Den  
Tags
 
Add a new tag
Caveats
  • Supply blocks, unpowered buildings, or Contaminate may cause inaccurate times.
  • Supply counts are checked every 10 seconds.